 Dungeon Crawl Stone Soup version 0.31-a0-117-g42d8f58691 (webtiles) character file.

Game seed: 2396943110324165831

45 Mekire the Firebug (level 3, -6/21 HPs)
             Began as an Octopode Fire Elementalist on May 31, 2023.
             Mangled by an orc
             ... wielding a +0 flail
              (9 damage)
             ... on level 2 of the Dungeon.
             The game lasted 00:08:47 (1813 turns).

Mekire the Firebug (Octopode Fire Elementalist)     Turns: 1813, Time: 00:08:48

Health: -6/21      AC:  1    Str:  7    XL:     3   Next: 64%
Magic:  4/6        EV: 14    Int: 19    God:
Gold:   65         SH:  0    Dex: 18    Spells: 5/6 levels left

rFire   . . .        (no weapon)
rCold   . . .        (no shield)
rNeg    . . .        (helmet restricted)
rPois   .            (no amulet)
rElec   .            g - +6 ring of dexterity
rCorr   .            (no ring)
SInv    .            (no ring)
Will    .....        (no ring)
Stlth   ++++         (no ring)
HPRegen 0.23/turn    (no ring)
MPRegen 0.10/turn    (no ring)
                     (no ring)

%: no passive effects
@: no status effects
A: almost no armour, amphibious, 8 rings, camouflage 1, gelatinous body 1,
(nimble swimmer 1), tentacles
a: no special abilities


You were on level 2 of the Dungeon.
You visited 1 branch of the dungeon, and saw 3 of its levels.

You collected 78 gold pieces.
You spent 13 gold pieces at shops.

Inventory:

Missiles
 e - 16 stones (quivered)
 j - 2 poisoned darts
Jewellery
 g - a +6 ring of dexterity (left tentacle)
Scrolls
 b - a scroll of magic mapping {unknown}
 d - a scroll of teleportation {unknown}
 f - a scroll of identify {@r1}
 h - a scroll of enchant armour {unknown}
Potions
 a - a potion of magic
 c - a potion of curing
 i - a potion of attraction {unknown}


   Skills:
 - Level 2.3 Dodging
 - Level 3.3 Stealth
 + Level 2.4 Spellcasting
 - Level 1.5 Conjurations
 + Level 3.4 Fire Magic


You had 5 spell levels left.
You knew the following spells:

 Your Spells              Type           Power      Damage    Failure   Level
a - Foxfire               Conj/Fire      44%        2x1d6     6%          1

Your spell library contained the following spells:

 Spells                   Type           Power      Damage    Failure   Level
 Scorch                   Fire           30%        2d6       6%          2
 Kiss of Death            Conj/Necr      20%        2d7       12%         1
 Inner Flame              Hex/Fire       8%         N/A       24%         3
 Volatile Blastmotes      Fire/Tloc      16%        2d11      24%         3
 Flame Wave               Conj/Fire      11%        2d6       50%         4
 Borgnjor's Vile Clutch   Necr/Erth      1%         N/A       99%         5


Dungeon Overview and Level Annotations

Branches:
Dungeon (3/15)

Altars:

Shops:
D:2 (


Innate Abilities, Weirdness & Mutations

You cannot wear most types of armour.
You are amphibious.
You can wear up to eight rings at the same time.
Your skin changes colour to match your surroundings (Stealth+).
Your rubbery body absorbs attacks. (AC +1, EV +1)
((You are camouflaged when in or above water. (Stealth+)))
You have tentacles for arms and can constrict up to eight enemies at once.


Message History

The orc misses you.
There is a stone staircase leading up here.
The orc barely misses you. x2
You climb upwards.
There is a stone staircase leading down here.
The orc barely misses you. The orc attacks as you move away!
The orc hits you with a +0 whip.
You take 3 damage, and have 18/21 hp.
Casting: Foxfire (safe; 6% risk of failure)
Confirm with . or Enter, or press ? or * to list all spells.
You miscast Foxfire.
You are very lightly contaminated with residual magic.
Nothing appears to happen.
The orc misses you.
You now have 5/6 mp.
Casting: Foxfire (safe; 6% risk of failure)
Confirm with . or Enter, or press ? or * to list all spells.
You conjure some foxfire!
The orc closely misses you.
You now have 4/6 mp.
Your foxfire dissipates!
The foxfire hits the orc.
The orc is lightly wounded.
Casting: Foxfire (safe; 6% risk of failure)
Confirm with . or Enter, or press ? or * to list all spells.
You conjure some foxfire!
The orc hits you with a +0 flail.
You take 4 damage, and have 15/21 hp.
You now have 3/6 mp.
Your foxfire dissipates!
The orc attacks as you move away! The orc hits you with a +0 flail!
* * * LOW HITPOINT WARNING * * *
The foxfire hits the orc.
The orc is moderately wounded.
You take 10 damage, and have 5/21 hp.
MASSIVE DAMAGE!!
The orc attacks as you move away! The orc misses you.
The orc attacks as you move away! The orc hits you with a +0 flail.
* * * LOW HITPOINT WARNING * * *
Your magical contamination has completely faded away.
You take 5 damage, and have 1/21 hp.
MASSIVE DAMAGE!!
The orc attacks as you move away! The orc closely misses you.
The orc attacks as you move away! The orc misses you.
The orc attacks as you move away! The orc hits you with a +0 flail!
You die...

##.##....#### ##.###
#.....##....#####....
#.8.8.#####..#.....##
#.._..# ##........#
#.8.8.#######.#####..
#.............# ###
#.........##### ####
#.........# #...
#<..@.....# #####...
###o####### #......#
#o# #.....## #.##
#.....## #..##
#.......
##..########.....##
#..............>.#
#........###.....#
#........# #######


You could see 2 orcs.

Vanquished Creatures
  An adder (D:2)
  A white imp (D:3)
  2 dart slugs
  An orc (D:3)
  A giant cockroach (D:1)
  2 goblins
  3 hobgoblins
  4 jackals
  2 kobolds (D:2)
  A ball python (D:2)
  A bat (D:2)
  3 frilled lizards
  3 rats
25 creatures vanquished.

Vanquished Creatures (others)
  68 foxfires
68 creatures vanquished.

Grand Total: 93 creatures vanquished

Notes
Turn   | Place    | Note
-------+----------+-------------------------------------------
     0 | D:1      | Mekire the Octopode Fire Elementalist began the quest for
                  | the Orb.
     0 | D:1      | Reached XP level 1. HP: 11/11 MP: 3/3
   239 | D:1      | Reached XP level 2. HP: 17/17 MP: 3/5
  1129 | D:2      | Got Ehon's Guidebook on Iniquitous Arts
  1369 | D:2      | Found a faded altar of an unknown god.
  1394 | D:2      | Reached XP level 3. HP: 21/21 MP: 1/6
  1585 | D:2      | Found Lavu Zeo's Weapon Shop.
  1685 | D:2      | Bought 2 poisoned darts for 13 gold pieces
  1805 | D:2      | HP: 1/21 [orc/+0 flail (5)]
  1813 | D:2      | Mangled by an orc

Illustrated notes

Levels and vault maps discovered:
D:1:      nagdon_arrival_zigzag_paths, layout_loops_ring
D:2:      layout_rooms, chequers_ecumenical_altar_simple, serial_shops, shop,
          chequers_serial_rivers_large_b
D:3:      layout_basic, grunt_ministairs_13, kennysheep_generic_room_6

Skill      XL: |  1  2 |
---------------+-------+-----
Stealth        | 3 |  3.3
Dodging        | |  2.3
Spellcasting   | |  2.4
Conjurations   | |  1.5
Fire Magic     | |  3.4

Action                     || total
---------------------------++-------
  Melee: Unarmed           ||     2
         Tentacles         ||     1
  Throw: Stone             ||     3
   Cast: Foxfire           ||    47
    Use: Scroll            ||     1
  Dodge: Dodged            ||    14

Table legend: (Time is in decaauts)
 A = Elapsed time spent in this place.
 B = Non-inter-level travel time spent in this place.
 C = Inter-level travel time spent in this place.
 D = Time resting spent in this place.
 E = Time spent auto-exploring this place.
 F = Levels seen in this place.
 G = Mean time per level.
                   A        B        C        D        E       F      G
               +--------+--------+--------+--------+--------+-----+--------+
         Total |   1813 |   1698 |    115 |    226 |   1266 |   3 |  604.3 |
       Dungeon |   1813 |   1698 |    115 |    226 |   1266 |   3 |  604.3 |
               +--------+--------+--------+--------+--------+-----+--------+

Top non-repeatable levels by time:
     D:1: 938 daAuts
     D:2: 858 daAuts
     D:3: 17 daAuts
